 Dungeon Crawl Stone Soup version 0.25.0-17-g773c8c6189 (webtiles) character file.

Game seed: 7533813485821187067

2555 RaHiT the Slasher (level 9, -4/68 HPs)
             Began as a Demonspawn Chaos Knight on June 30, 2020.
             Was a Plaything of Xom.
             Slain by an orc warrior
             ... wielding a +0 glaive
              (20 damage)
             ... on level 6 of the Dungeon.
             The game lasted 00:28:05 (7147 turns).

RaHiT the Slasher (Demonspawn Chaos Knight)         Turns: 7147, Time: 00:28:05

Health: -4/68      AC: -4    Str: 15    XL:     9   Next: 31%
Magic:  0/12       EV: 14    Int: 13    God:    Xom [*.....]
Gold:   292        SH: 11    Dex: 14    Spells: 8/8 levels left

rFire    + . .     SeeInvis .   f - +4 scimitar (chaos)
rCold    . . .     Gourm    .   u - +1 buckler
rNeg     . . .     Faith    .   y - +5 animal skin
rPois    .         Spirit   +   I - +0 helmet (curse)
rElec    .         Reflect  +   (no cloak)
rCorr    +         Harm     .   (no gloves)
MR       +....                  (no boots)
Stlth    +.........             x - amulet of reflection
HPRegen  0.21/turn              v - ring of resist corrosion
MPRegen  0.26/turn              (no ring)

@: corroded
A: talons 1, slimy green scales 2, blink, fire resistance 1, magic resistance 1,
magic shield, magic regeneration, magic link, no potion heal 1
a: Blink, Renounce Religion


You were on level 6 of the Dungeon.
You worshipped Xom.
You were a special plaything of Xom.
You were not hungry.

You visited 1 branch of the dungeon, and saw 7 of its levels.

You collected 292 gold pieces.

Inventory:

Hand Weapons
 f - a +4 scimitar of chaos (weapon)
 j - a +5 hunting sling
Missiles
 g - 25 poisoned darts
 q - 5 curare-tipped darts (quivered)
 w - 52 bolts
Armour
 u - a +1 buckler (worn)
 y - a +5 animal skin (worn)
 I - a cursed +0 helmet (worn)
Jewellery
 v - a ring of resist corrosion (left hand)
 x - an amulet of reflection (around neck)
Wands
 t - a wand of random effects (15)
 H - a wand of acid (11)
Scrolls
 b - a scroll of magic mapping
 e - a scroll of blinking
 o - a scroll of teleportation
 p - a scroll of remove curse
 r - 4 scrolls of immolation
 E - a scroll of noise
Potions
 a - a potion of curing {unknown}
 d - 4 potions of haste
 h - a potion of magic
 i - a potion of heal wounds
 k - a potion of might
 l - 2 potions of stabbing
 m - 2 potions of brilliance
 B - a potion of mutation {unknown}
 F - a potion of flight {unknown}
Comestibles
 c - 14 rations


   Skills:
 - Level 5.0 Fighting
 - Level 5.0 Long Blades
 - Level 5.0 Throwing
 + Level 4.7 Armour
 + Level 4.8 Dodging
 - Level 5.0 Shields
 - Level 5.0 Evocations


You had 8 spell levels left.
You didn't know any spells.
Your spell library contained the following spells:

 Spells                   Type           Power        Failure   Level  Hunger
 Beastly Appendage        Tmut           #.....       30%         1    ##.....
 Sticks to Snakes         Tmut           #.......     43%         2    ###....
 Spider Form              Tmut/Pois      #.........   67%         3    ####...
 Ice Form                 Ice/Tmut       #.......     97%         4    #####..
 Blade Hands              Tmut           #.........   100%        5    ######.


Dungeon Overview and Level Annotations

Branches:
Dungeon (7/15)             Temple (0/1) D:4

Altars:
Ashenzari
Cheibriados
Dithmenos
Fedhas
Gozag
Kikubaaqudgha
Nemelex Xobeh
Qazlal
Ru
Trog
Uskayaw
Xom
Zin
The Shining One

Annotations:
D:4 2 transporters


Innate Abilities, Weirdness & Mutations

You have sharp toenails.
You are mostly covered in slimy green scales. (AC +3)
When hurt, damage is shared between your health and your magic reserves.
You regenerate magic rapidly.
When low on magic, you restore magic in place of health.
You can translocate small distances at will.
Your flesh is heat resistant. (rF+)
You are resistant to hostile enchantments. (MR+)
Potions are less effective at restoring your health.


Message History

Reactivating autopickup.
There is a stone staircase leading down here.
It was a potion of ambrosia.
You are confused.
Your system partially rejects the healing.
You feel invigorated. The orc warrior closely misses you.
The orc warrior barely misses you.
The orc warrior hits you from afar with a +0 glaive!
* * * LOW HITPOINT WARNING * * *
The orc warrior barely misses you.
You bump into the metal wall.
You feel less invigorated.
You feel less confused.
The orc warrior hits you with a +0 glaive!
* * * LOW HITPOINT WARNING * * *
You hit the orc warrior but do no damage.
Your kick misses the orc warrior.
The orc warrior hits you with a +0 glaive!!
You die...
Xom guffaws!

#.# ##.#.#
######<####....###########
............#.^..........##
###.#######.......###.....#
#.# ####..÷.### ###...##
#.# #.)).).##)#+#)##...#
#.# #.###..#♣.....♣#...#
#.#####.....##.......##..#
#...........#>@o.8...∩#..#
#..########.##.......##..#
#..# #..#♣.....♣#...#
#..###### #..##)#+#)##.#.#
#.......# #...### ###....#
####.####.#
#.#...###...#.## ÷....# #.#
#.#.#.....##..# .....# #.#
#.#.#.###....##
.....####.###.#.#.....####


You could see an orc warrior.

Vanquished Creatures
  A rust devil (D:7)
  A hippogriff (D:4)
  An orc warrior (D:7)
  A black bear (D:7)
  2 ice beasts (D:7)
  An ogre (D:5)
  A sky beast (D:5)
  3 bullfrogs
  A howler monkey (D:5)
  5 crimson imps
  2 centaur zombies
  4 hounds
  3 jellies
  4 orc priests
  2 iguanas
  3 orc wizards
  3 worker ants
  2 hound skeletons
  11 gnolls
  A howler monkey skeleton (D:6)
  7 adders
  2 shadow imps
  A white imp (D:7)
  An adder skeleton (D:6)
  4 worms (D:2)
  3 dart slugs
  2 leopard geckos (D:3)
  24 orcs
  12 bats
  9 giant cockroaches
  7 goblins
  5 hobgoblins
  13 jackals
  2 quokkas
  3 ball pythons
  4 frilled lizards
  2 goblin skeletons (D:7)
  A goblin zombie (D:7)
  A hobgoblin zombie (D:7)
  A jackal skeleton (D:4)
  7 kobolds
  10 rats
173 creatures vanquished.

Vanquished Creatures (collateral kills)
  A hound skeleton (D:5)
1 creature vanquished.

Vanquished Creatures (others)
  A guardian serpent (shapeshifter) (D:2)
  A black bear (D:5)
  An orc (D:5)
  A giant cockroach (D:5)
4 creatures vanquished.

Grand Total: 178 creatures vanquished

Notes
Turn   | Place    | Note
-------+----------+-------------------------------------------
     0 | D:1      | RaHiT the Demonspawn Chaos Knight began the quest for the
                  | Orb.
     0 | D:1      | Reached XP level 1. HP: 18/18 MP: 1/1
   142 | D:1      | Reached skill level 1 in Dodging
   179 | D:1      | XOM: potion effect (experience)
   179 | D:1      | Gained mutation: When hurt, damage is shared between your
                  | health and your magic reserves. [demonic ancestry]
   179 | D:1      | Reached XP level 2. HP: 24/24 MP: 1/5
   283 | D:1      | XOM: silly message
   401 | D:1      | Gained mutation: You regenerate magic rapidly. [demonic
                  | ancestry]
   401 | D:1      | Reached XP level 3. HP: 28/29 MP: 6/6
   407 | D:1      | XOM: silly message
   527 | D:1      | XOM: noise
  1019 | D:2      | Found a shimmering altar of Xom.
  1019 | D:2      | Noticed an angel
  1029 | D:2      | Found an ancient bone altar of Kikubaaqudgha.
  1122 | D:1      | XOM: silly message
  1132 | D:1      | XOM: scenery: 1 doors close
  1662 | D:2      | Gained mutation: You have sharp toenails. [demonic
                  | ancestry]
  1662 | D:2      | Reached XP level 4. HP: 35/35 MP: 7/7
  1672 | D:2      | XOM: destruction
  1968 | D:2      | Found a glowing silver altar of Zin.
  1984 | D:2      | Noticed a shapeshifter
  1984 | D:2      | an adder changed into a shapeshifter
  1984 | D:2      | Noticed a guardian serpent
  1984 | D:2      | a shapeshifter changed into a guardian serpent
  1987 | D:2      | Banished a guardian serpent
  1987 | D:2      | Reached skill level 1 in Throwing
  1987 | D:2      | Reached XP level 5. HP: 7/41 MP: 2/8
  1987 | D:2      | Gained mutation: When low on magic, you restore magic in
                  | place of health. [demonic ancestry]
  1987 | D:2      | Reached XP level 6. HP: 8/47 MP: 2/9
  2150 | D:2      | XOM: divination: detect creatures
  3292 | D:3      | You fall into a shaft and drop 1 floor!
  3329 | D:4      | XOM: enchant monster (good)
  3395 | D:4      | XOM: silly message
  3571 | D:4      | XOM: 4-stop teleportation journey
  3627 | D:4      | XOM: 1-stop teleportation journey
  3686 | D:3      | XOM: cloud trail
  3803 | D:3      | XOM: 1-stop teleportation journey
  3947 | D:3      | XOM: give mutations
  3947 | D:3      | Gained mutation: Your magical capacity is low. (-10% MP)
                  | [Xom's mischief]
  3947 | D:3      | Gained mutation: Your body sometimes deteriorates upon
                  | taking damage. [Xom's mischief]
  3947 | D:3      | Gained mutation: Potions are less effective at restoring
                  | your health. [Xom's mischief]
  4135 | D:4      | Found a staircase to the Ecumenical Temple.
  4185 | D:4      | Found a transporter.
  4209 | D:4      | XOM: god gift: runed scimitar {god gift}
  4227 | D:4      | Noticed a hippogriff
  4229 | D:4      | XOM: 3-stop teleportation journey
  4287 | D:4      | Killed a hippogriff
  4287 | D:4      | Gained mutation: You are partially covered in slimy green
                  | scales. (AC +2) [demonic ancestry]
  4287 | D:4      | Reached XP level 7. HP: 52/52 MP: 9/9
  4432 | D:4      | Found a transporter.
  4701 | D:4      | Found a bloodstained altar of Trog.
  4754 | D:5      | Entered Level 5 of the Dungeon
  4768 | D:5      | XOM: summons 4 hostile demons
  4785 | D:5      | XOM: polymorph ice beast -> black bear
  4786 | D:5      | XOM: repel stairs
  4797 | D:5      | XOM: 2-stop teleportation journey
  4798 | D:5      | XOM: scenery: create altars
  4804 | D:5      | Reached skill level 5 in Long Blades
  4807 | D:5      | XOM: enchant monster (good)
  4816 | D:5      | XOM: divine lightning
  4820 | D:5      | XOM: summons friendly shadow imp
  4860 | D:5      | Found a snail-covered altar of Cheibriados.
  4861 | D:5      | Gained mutation: You are mostly covered in slimy green
                  | scales. (AC +3) [demonic ancestry]
  4861 | D:5      | Reached XP level 8. HP: 60/61 MP: 10/10
  4988 | D:5      | Reached skill level 5 in Fighting
  5214 | D:5      | Reached skill level 5 in Shields
  5441 | D:6      | Found a shadowy altar of Dithmenos.
  5441 | D:6      | Found a sacrificial altar of Ru.
  5441 | D:6      | XOM: 2-stop teleportation journey
  5605 | D:6      | XOM: swap monsters
  5609 | D:6      | XOM: god gift: scroll labeled KUUNOBBYNG {god gift}
  5614 | D:6      | XOM: swap monsters
  5704 | D:6      | XOM: smoke on damage
  5717 | D:6      | HP: 2/62 [something (9)]
  5960 | D:5      | XOM: summons 5 hostile demons
  6181 | D:6      | XOM: give mutation
  6181 | D:6      | Gained mutation: Your flesh is heat resistant. (rF+) [Xom's
                  | mischief]
  6299 | D:6      | XOM: 1-stop teleportation journey
  6342 | D:7      | Reached skill level 5 in Throwing
  6347 | D:7      | Reached skill level 5 in Evocations
  6366 | D:7      | Found a shattered altar of Ashenzari.
  6366 | D:7      | Found a blossoming altar of Fedhas.
  6366 | D:7      | Found a hide-covered altar of Uskayaw.
  6377 | D:7      | XOM: divination: magic mapping
  6440 | D:7      | Found a stormy altar of Qazlal.
  6440 | D:7      | XOM: 5-stop teleportation journey
  6589 | D:7      | Found a glowing golden altar of the Shining One.
  6598 | D:7      | XOM: 5-stop teleportation journey
  6678 | D:7      | Reached XP level 9. HP: 66/68 MP: 11/11
  6867 | D:7      | Found a sparkling altar of Nemelex Xobeh.
  6868 | D:7      | Found an opulent altar of Gozag.
  7029 | D:7      | XOM: give mutations
  7029 | D:7      | Gained mutation: You can translocate small distances at
                  | will. [Xom's mischief]
  7029 | D:7      | Lost mutation: Your magical capacity is low. (-10% MP)
                  | [Xom's mischief]
  7029 | D:7      | Lost mutation: Your body sometimes deteriorates upon taking
                  | damage. [Xom's mischief]
  7029 | D:7      | Gained mutation: You are resistant to hostile enchantments.
                  | (MR+) [Xom's mischief]
  7044 | D:6      | Noticed a rust devil
  7044 | D:6      | Noticed a rust devil
  7059 | D:7      | XOM: enchant monster (good)
  7095 | D:7      | Killed a rust devil
  7104 | D:7      | XOM: silly message
  7123 | D:7      | XOM: enchant monster (bad)
  7147 | D:6      | Slain by an orc warrior

Illustrated notes

Levels and vault maps discovered:
D:1:      matt_arrival_diagonals, layout_basic
D:2:      layout_basic, grunt_temple_overflow_order_and_chaos_1,
          overflow_temple_1_default, first_ration
D:3:      layout_basic
D:4:      gammafunk_wand_slinger, layout_basic, minmay_temple_entry_junction,
          bloody_trog
D:5:      layout_basic, cheibriados_altar_1
D:6:      cheibrodos_iron_armory, layout_loops_ring,
          chequers_temple_overflow_statue_of_worship, minmay_manual_moon
D:7:      layout_loops_cross, grunt_temple_overflow_opulence,
          old_standard_altar, nicolae_tso_besieged_by_evil,
          gammafunk_temple_overflow_claw

Skill      XL: |  1  2  3  4  5  6  7  8  9 |
---------------+----------------------------+-----
Dodging        | 1 2 3 4 |  4.8
Shields        | 4 5 |  5.0
Evocations     | 4 5 |  5.0
Armour         | 2 3 4 |  4.7
Long Blades    | 3 4 5 |  5.0
Throwing       | 1 3 5 |  5.0
Fighting       | 4 5 |  5.0

Action                   |  1- 3 |  4- 6 |  7- 9 || total
-------------------------+-------+-------+-------++-------
Melee: Falchion          |   108 |   150 |       ||   258
       Kick              |       |    40 |    58 ||    98
       Scimitar          |       |     3 |   220 ||   223
Throw: Dart              |       |     6 |     7 ||    13
Evoke: Wand              |       |       |     2 ||     2
  Use: Scroll            |     4 |     5 |    11 ||    20
       Potion            |       |     1 |     3 ||     4
 Stab: Paralysed         |     1 |     1 |       ||     2
       Confused          |     1 |       |     1 ||     2
       Sleeping          |     1 |       |       ||     1
       Distracted        |       |       |     1 ||     1
  Eat: Chunk             |     2 |     9 |     9 ||    20
Armor: Leather armour    |    41 |    35 |     5 ||    81
       Animal skin       |       |       |    59 ||    59
Dodge: Dodged            |    74 |   109 |    89 ||   272
Block: Buckler           |       |     1 |   100 ||   101
       Reflection        |       |       |     1 ||     1
       Rpst.: Falchion   |    21 |    33 |       ||    54
       Scimitar          |       |       |    21 ||    21
